 Dungeon Sprint DCSS version 0.17-a0-1914-gde4187c (webtiles) character file.

165 kosy22 the Ruffian (level 5, -2/57 HPs)
             Began as a Troll Berserker on Sept 26, 2015.
             Was an Elder of Trog.
             Slain by an orc warrior
             ... wielding a +0 dire flail
              (16 damage)
             ... in the Dungeon (Sprint IX: "|||||||||||||||||||||||||||||").
             The game lasted 00:02:51 (289 turns).

kosy22 the Ruffian (Troll Berserker)                 Turns: 289, Time: 00:02:52

Health: -2/57      AC: 13    Str: 26    XL:     5   Next: 21%
Magic:  4/4        EV: 13    Int:  3    God:    Trog [****..]
Gold:   0          SH:  0    Dex:  9    Spells: 0 memorised, 4 levels left

rFire  . . .     SeeInvis .     m - +2 halberd (protect)
rCold  . . .     Clarity  .     a - +0 animal skin
rNeg   . . .     SustAt   .     (no shield)
rPois  .         Gourm    +     (helmet restricted)
rElec  .         Spirit   .     n - +0 cloak
rCorr  .         Warding  .     (gloves unavailable)
rMut   .         NoTele   +     (boots unavailable)
MR     .....                    (no amulet)
Stlth  +.........               o - +2 ring of protection
                                p - +2 ring of evasion

@: exhausted, very slightly contaminated, not resistant to hostile enchantments,
very unstealthy
A: unfitting armour, claws 3, fast metabolism 3, gourmand, regeneration 2,
shaggy fur 1, tough skin 2
a: Burn Spellbooks, Berserk, Trog's Hand, Brothers in Arms, Renounce Religion


You were in the Dungeon.
You worshipped Trog.
Trog was greatly pleased with you.
You were not hungry.

You visited 1 branch

Inventory:

Hand weapons
 m - a +2 halberd of protection (weapon)
Armour
 a - a +0 animal skin (worn)
 n - a +0 cloak (worn)
Magical staves
 l - an uncursed staff of energy
Jewellery
 o - a +2 ring of protection (right claw)
 p - a +2 ring of evasion (left claw)
Magical devices
 k - a wand of draining (7)
Scrolls
 h - 2 scrolls of blinking
 j - 3 scrolls of remove curse
Potions
 c - 5 potions of curing
 d - a potion of heal wounds
 e - a potion of haste
 f - 4 potions of magic
 g - a potion of berserk rage
Comestibles
 b - a bread ration


   Skills:
 + Level 5.4 Fighting
 + Level 5.8 Dodging
 + Level 1.0 Stealth
 + Level 6.5 Unarmed Combat


You had 4 spell levels left.
You didn't know any spells.

Dungeon Overview and Level Annotations

Branches:
Dungeon (1/1)

Altars:
Cheibriados
Dithmenos
Elyvilon
Fedhas
Gozag
Kikubaaqudgha
Makhleb
Nemelex Xobeh
Okawaru
Qazlal
Ru
Sif Muna
Trog
Vehumet
Xom
Yredelemnul
Zin
The Shining One
Beogh
Jiyva
Lugonu


Innate Abilities, Weirdness & Mutations

You are too large for most types of armour.
You have claws for hands.
Your metabolism is lightning-fast.
You like to eat raw meat.
You heal very quickly.
You are covered in fur (AC +1).
You have very tough skin (AC +2).


Message History

There is a sacrificial altar of Ru here.
The orc warrior hits you with a dire flail.
There is an opulent altar of Gozag here.
There is a stormy altar of Qazlal here.
The orc warrior hits you with a dire flail!
There is a shadowy altar of Dithmenos, spattered with blood here.
There is a snail-covered altar of Cheibriados here.
There is a blossoming altar of Fedhas here.
The orc warrior hits you with a dire flail!!
* * * LOW HITPOINT WARNING * * *
There is a corrupted altar of Lugonu, spattered with blood here.
There is a viscous altar of Jiyva here.
Use which ability?
You fail to use your ability.
The orc warrior closely misses you.
Use which ability?
You fail to use your ability.
You feel yourself speed up. The orc warrior barely misses you.
The orc warrior hits you with a dire flail!
You die...

▓_▓
▓_▓
▓_▓
▓_▓
▓_▓
▓_▓
▓_▓
▓_▓
▓@▓
▓o▓
▓h▓
▓C▓
▓Y▓
▓S▓
▓_▓
▓_▓
▓'▓


You could see a hill giant, an orc warrior, a black bear, an ice beast and an
adder.

Vanquished Creatures
  A centaur (D)
  A jelly (D)
  An orc wizard (D)
  A worker ant (D)
  An adder skeleton (D)
  A giant gecko (D)
  An orc (D)
  2 hobgoblins (D)
  A kobold (D)
  A rat (D)
11 creatures vanquished.

Notes
Turn   | Place    | Note
--------------------------------------------------------------
     0 | D        | kosy22 the Troll Berserker began the quest for the Orb.
     0 | D        | Reached XP level 1. HP: 22/22 MP: 0/0
    17 | D        | Acquired Trog's second power
    27 | D        | Noticed a jelly
    27 | D        | Noticed a worker ant
    27 | D        | Noticed an orc wizard
    33 | D        | Reached XP level 2. HP: 31/31 MP: 1/1
    35 | D        | Killed a jelly
    35 | D        | Reached skill level 4 in Fighting
    35 | D        | Reached XP level 3. HP: 36/39 MP: 2/2
    40 | D        | Killed a worker ant
    40 | D        | Reached skill level 5 in Unarmed Combat
    51 | D        | Killed an orc wizard
    51 | D        | Acquired Trog's third power
    51 | D        | Reached XP level 4. HP: 24/49 MP: 3/3
   198 | D        | Found a glowing silver altar of Zin.
   198 | D        | Found a glowing golden altar of the Shining One.
   198 | D        | Found an ancient bone altar of Kikubaaqudgha.
   198 | D        | Found a basalt altar of Yredelemnul.
   198 | D        | Found a shimmering altar of Xom.
   198 | D        | Found a radiant altar of Vehumet.
   199 | D        | Found an iron altar of Okawaru.
   200 | D        | Found a burning altar of Makhleb.
   201 | D        | Found a deep blue altar of Sif Muna.
   202 | D        | Found a bloodstained altar of Trog.
   203 | D        | Found a sparkling altar of Nemelex Xobeh.
   204 | D        | Found a white marble altar of Elyvilon.
   205 | D        | Found a roughly hewn altar of Beogh.
   206 | D        | Found a viscous altar of Jiyva.
   207 | D        | Found a corrupted altar of Lugonu.
   208 | D        | Found a blossoming altar of Fedhas.
   209 | D        | Found a snail-covered altar of Cheibriados.
   210 | D        | Found a shadowy altar of Dithmenos.
   211 | D        | Found a stormy altar of Qazlal.
   212 | D        | Found an opulent altar of Gozag.
   213 | D        | Found a sacrificial altar of Ru.
   254 | D        | Noticed a centaur
   254 | D        | Noticed an orc warrior
   254 | D        | Noticed a black bear
   254 | D        | Noticed a hill giant
   254 | D        | Noticed an ice beast
   259 | D        | Killed a centaur
   259 | D        | Reached skill level 5 in Fighting
   259 | D        | Reached skill level 5 in Dodging
   259 | D        | Reached skill level 1 in Stealth
   259 | D        | Reached skill level 6 in Unarmed Combat
   259 | D        | Reached XP level 5. HP: 57/57 MP: 4/4
   289 | D        | Slain by an orc warrior

Vault maps used:
D:        linesprint

Action                   |  1- 3 |  4- 6 || total
-------------------------+-------+-------++-------
Melee: Unarmed           |    30 |       ||    30
       Halberd           |       |     9 ||     9
Invok: Berserk           |     1 |     1 ||     2
  Use: Potion            |       |     3 ||     3
 Stab: Distracted        |     1 |       ||     1
  Eat: Chunk             |       |     1 ||     1
       Bread ration      |       |     1 ||     1
